 Dungeon Crawl Stone Soup version 0.31.0-12-g77e489cdc1 (webtiles) character file.

Game seed: 10142989781298246347

150 Marvel the Sneak (level 5, -1/26 HPs)
             Began as a Spriggan Brigand on Feb 15, 2024.
             Killed by nerve-wracking pain
             ... invoked by Grinder
              (10 damage)
             ... on level 3 of the Dungeon.
             The game lasted 00:03:41 (2282 turns).

Marvel the Sneak (Spriggan Brigand)                 Turns: 2282, Time: 00:03:41

Health: -1/26      AC:  3    Str:  7    XL:     5   Next: 10%
Magic:  15/15      EV: 17    Int: 12    God:
Gold:   70         SH:  0    Dex: 19    Spells: 4/4 levels left

rFire   . . .        a - +2 dagger
rCold   . . .        (no shield)
rNeg    . . .        b - +0 robe
rPois   .            (helmet restricted)
rElec   .            c - +0 cloak
rCorr   .            (gloves unavailable)
SInv    +            (boots unavailable)
Will    .....        (no amulet)
Stlth   ++++         m - ring of magical power
HPRegen 0.24/turn    (no ring)
MPRegen 0.14/turn

%: no passive effects
@: very quick
A: very small, no large weapons, unfitting armour, see invisible, speed 3
a: no special abilities


You were on level 3 of the Dungeon.
You visited 1 branch of the dungeon, and saw 3 of its levels.

You collected 70 gold pieces.

Inventory:

Hand Weapons
 a - a +2 dagger (weapon)
Missiles
 d - 6 poisoned darts (quivered)
 e - 3 curare-tipped darts
Armour
 b - a +0 robe (worn)
 c - a +0 cloak (worn)
Jewellery
 m - a ring of magical power (left hand)
Talismans
 l - a storm talisman
Scrolls
 g - 2 scrolls of identify {unknown}
 h - a scroll of teleportation {unknown}
 j - a scroll of blinking {unknown}
 o - a scroll of silence {unknown}
Potions
 f - a potion of brilliance {unknown}
 i - a potion of curing {unknown}
 k - a potion of haste {unknown}
 n - a potion of berserk rage {unknown}
 p - a potion of attraction {unknown}


   Skills:
 + Level 2.0 Fighting
 + Level 3.6 Short Blades
 + Level 2.3 Throwing
 + Level 2.5 Dodging
 + Level 7.8 Stealth


You had 4 spell levels left.
You didn't know any spells.
Your spell library contained the following spells:

 Spells                   Type           Power      Damage    Failure   Level
 Apportation              Tloc           0%         N/A       32%         1
 Magic Dart               Conj           0%         1d3       32%         1
 Jinxbite                 Hex            0%         N/A       45%         2
 Searing Ray              Conj           0%         2d4       45%         2
 Fugue of the Fallen      Necr           0%         N/A       69%         3
 Ozocubu's Armour         Ice            0%         N/A       69%         3
 Fulminant Prism          Conj/Alch      0%         3d5       97%         4
 Manifold Assault         Tloc           0%         N/A       97%         4
 Alistair's Intoxication  Alch           0%         N/A       100%        5


Dungeon Overview and Level Annotations

Branches:
Dungeon (3/15)

Altars:

Annotations:
D:3 Grinder


Innate Abilities, Weirdness & Mutations

You are very small and have problems with some larger weapons.
You are too small for most types of armour.
You have supernaturally acute eyesight. (SInv)
You cover ground extremely quickly. (Speed+++)


Message History

The orc is severely wounded.
The orc closely misses you.
You closely miss the orc.
The orc is severely wounded.
The orc hits you with a +0 dagger.
You hit the orc.
The orc is severely wounded.
You hit the orc.
You kill the orc!
No target in view!
Things that are here:
a +0 dagger; an orc corpse No target in view!
d - 8 poisoned darts (gained 1) Grinder comes into view.
Grinder shouts!
You hear a shout!
Grinder blinks!
Throw: 8 darts (poison)
Press: ? - help, Q - select action, (/) - cycle Shift-Dir - straight line, f - Grinder
Aim: Grinder (57% to hit)
You throw a poisoned dart. The poisoned dart hits Grinder.
Throw: 7 darts (poison)
Press: ? - help, Q - select action, (/) - cycle Shift-Dir - straight line, f/p - Grinder
Aim: Grinder (57% to hit)
You throw a poisoned dart. The poisoned dart hits Grinder.
Grinder gestures at you.
You suddenly lose the ability to move!
An orc comes into view. It is wielding a +0 flail.
Grinder gestures at you. You resist with significant effort.
A hobgoblin comes into view. It is wielding a +0 falchion.
Grinder hits you.
You writhe in agony.
You can move again.
Grinder attacks as she pursues you! Grinder hits you.
You writhe in agony.
Grinder gestures at you. Pain shoots through your body!
Grinder gestures at you. Pain shoots through your body!
You die...
Grinder says, "Now the real fun starts!"

........(......#
...............#
#+##.(..o...#####
#..#####5.......#
#.....#.....##.#
##..............#
#..........#.#######
#..................#
#....)@†...........#
#.....<†...##......#
#.....#...)>'......#
#...........#......#
####.#'####.#...####
#......#.#####
#......###
#......###
#........#


You could see Grinder and an orc.

Vanquished Creatures
  A hound (D:2)
  Jessica (D:2)
  Terence (D:2)
  An adder (D:2)
  A dart slug (D:2)
  An orc (D:3)
  7 bats
  4 endoplasms (D:1)
  2 giant cockroaches
  6 goblins
  3 hobgoblins
  2 jackals (D:1)
  4 quokkas (D:1)
  10 ball pythons
  3 frilled lizards
  A kobold (D:1)
  9 rats
57 creatures vanquished.

Notes
Turn   | Place    | Note
-------+----------+-------------------------------------------
     0 | D:1      | Marvel the Spriggan Brigand began the quest for the Orb.
     0 | D:1      | Reached XP level 1. HP: 10/10 MP: 2/2
    38 | D:1      | Reached skill level 6 in Stealth
   181 | D:1      | Reached XP level 2. HP: 15/15 MP: 3/3
   762 | D:1      | Reached XP level 3. HP: 17/18 MP: 4/4
   799 | D:1      | Reached skill level 7 in Stealth
  1562 | D:2      | Noticed Jessica
  1566 | D:2      | Killed Jessica
  1567 | D:2      | Reached XP level 4. HP: 23/23 MP: 5/5
  1572 | D:2      | Noticed Terence
  1625 | D:2      | Killed Terence
  2250 | D:2      | Reached XP level 5. HP: 26/26 MP: 6/6
  2271 | D:3      | Noticed Grinder
  2273 | D:3      | Paralysed by Grinder for 3 turns
  2282 | D:3      | Killed from afar by Grinder

Illustrated notes

Levels and vault maps discovered:
D:1:      dpeg_arrival_long_road, layout_basic
D:2:      layout_basic, uniq_jessica, uniq_terence
D:3:      layout_basic, uniq_grinder, uniq_ijyb

Skill      XL: |  1  2  3  4 |
---------------+-------------+-----
Stealth        | 6 7 |  7.8
Short Blades   | 3 |  3.6
Dodging        | 2 |  2.5
Fighting       | 2 |  2.0
Throwing       | |  2.3

Action                     |  1- 3 |  4- 6 || total
---------------------------+-------+-------++-------
  Melee: Dagger            |   137 |    45 ||   182
         Punch             |       |     1 ||     1
  Throw: Dart              |     5 |    13 ||    18
   Stab: Sleeping          |    11 |     2 ||    13
         Distracted        |     1 |       ||     1
 Armour: Robe              |    29 |    16 ||    45
  Dodge: Dodged            |    93 |    30 ||   123
